 Dungeon Crawl Stone Soup version 0.30-a0-122-g2a13224 (webtiles) character file.

Game seed: 2677212643720320070

113841 PublicAnimeNo1 the Geomancer (level 16, -9/141 HPs)
             Began as a Demonspawn Earth Elementalist on Sept 15, 2022.
             Was an Initiate of Yredelemnul.
             Killed from afar by a deep elf zephyrmancer (17 damage)
             ... with a bolt of lightning
             ... on level 1 of the Elven Halls.
             The game lasted 01:09:26 (32723 turns).

PublicAnimeNo1 the Geomancer (DsEE)                Turns: 32723, Time: 01:09:27

Health: -9/141     AC: 19    Str: 12    XL:     16   Next: 15%
Magic:  0/25       EV: 16    Int: 28    God:    Yredelemnul [......]
Gold:   2705       SH:  0    Dex: 18    Spells: 13/26 levels left

rFire   + + .      SeeInvis .    w - +4 trident (venom)
rCold   + + +      Faith    +    I - orb {light}
rNeg    . . .      Spirit   .    g - +3 leather armour {rF+}
rPois   +          Reflect  .    v - +3 helmet of Morality {rC++ Dex+2}
rElec   .          Harm     .    (cloak unavailable)
rCorr   +          Rampage  .    Z - +2 pair of gloves {Dex+3}
Will    +....                    a - +0 pair of boots
Stlth   +.........               t - amulet of faith
HPRegen 0.33/turn                l - ring of Efuij {rCorr Int+6}
MPRegen 0.19/turn                Y - ring "Zomapp" {rF+ rC+ Slay+3}

@: glowing
A: slimy green scales 3, ignite blood 1, robust 1, spiny 3, weakness stinger 3
a: Renounce Religion, Recall Undead Harvest


You were on level 1 of the Elven Halls.
You worshipped Yredelemnul.
Yredelemnul was pleased with you.
You visited 4 branches of the dungeon, and saw 23 of its levels.
You also visited: Bailey, Ice Cave and Volcano.

You collected 3898 gold pieces.
You spent 1193 gold pieces at shops.

Inventory:

Hand Weapons
 w - a +4 trident of venom (weapon)
Missiles
 H - 4 throwing nets
Armour
 a - a +0 pair of boots (worn)
 g - a +3 leather armour of fire resistance (worn)
 v - the +3 helmet of Morality (worn) {rC++ Dex+2}
   (You found it on level 5 of the Dungeon)

   Dex:       It affects your dexterity (+2).
   rC:        It greatly protects you from cold.
 I - an orb of light (worn)
 Z - a +2 pair of gloves of dexterity (worn)
Jewellery
 l - the ring of Efuij (left hand) {rCorr Int+6}
   (You acquired it on level 7 of the Dungeon)

   [ring of intelligence]

   Int:       It affects your intelligence (+6).
   rCorr:     It protects you from acid and corrosion.
 m - an amulet of guardian spirit
 t - an amulet of faith (around neck)
 C - a ring of positive energy
 K - an amulet of reflection
 N - a +4 ring of protection
 O - a ring of willpower
 W - a +6 ring of dexterity
 Y - the ring "Zomapp" (right hand) {rF+ rC+ Slay+3}
   (You found it on level 11 of the Dungeon)

   [ring of protection from cold]

   Slay:      It affects your accuracy & damage with ranged weapons and melee
   (+3).
   rF:        It protects you from fire.
   rC:        It protects you from cold.
Wands
 n - a wand of polymorph (1)
 D - a wand of flame (28)
 J - a wand of charming (25)
 M - a wand of mindburst (19)
 Q - a wand of iceblast (9)
 S - a wand of digging (8)
 V - a wand of quicksilver (4)
Scrolls
 d - 3 scrolls of magic mapping
 e - a scroll of butterflies
 h - 4 scrolls of immolation
 k - 11 scrolls of teleportation
 o - 3 scrolls of amnesia
 q - a scroll of fear
 y - 6 scrolls of blinking
 G - 3 scrolls of enchant weapon
 P - a scroll of silence
 R - a scroll of poison
 T - 2 scrolls of enchant armour
 U - a scroll of brand weapon
Potions
 b - 2 potions of magic
 c - a potion of haste
 i - 7 potions of curing
 j - a potion of invisibility
 p - 5 potions of lignification
 r - 2 potions of resistance
 u - 6 potions of mutation
 z - 7 potions of brilliance
 A - 3 potions of cancellation
 B - 9 potions of might
 F - 5 potions of attraction


   Skills:
 + Level 12.7 Fighting
 + Level 11.8 Polearms
 - Level 3.9 Armour
 + Level 8.2 Dodging
 - Level 4.4 Stealth
 - Level 5.7 Spellcasting
 - Level 8.0 Conjurations
 - Level 5.3 Transmutations
 + Level 14.2 Earth Magic
 - Level 13.0 Invocations


You had 13 spell levels left.
You knew the following spells:

 Your Spells              Type           Power      Damage    Failure   Level
a - Sandblast             Erth           100%       2d20      1%          1
b - Stone Arrow           Conj/Erth      100%       3d13      1%          3
c - Petrify               Tmut/Erth      58%        N/A       1%          4
d - Lee's Rapid Deconstr  Erth           36%        3d19*     1%          5

Your spell library contained the following spells:

 Spells                   Type           Power      Damage    Failure   Level
 Passwall                 Tmut/Erth      48%        N/A       1%          2
 Dazzling Flash           Conj/Hex       60%        N/A       4%          3
 Apportation              Tloc           16%        N/A       8%          1
 Necrotise                Necr           32%        1d5       8%          1
 Summon Small Mammal      Summ           32%        N/A       8%          1
 Fulminant Prism          Conj/Hex       15%        3d11      16%         4
 Hailstorm                Conj/Ice       30%        3d8       16%         4
 Iskenderun's Mystic Bla  Conj/Tloc      30%        2d8       16%         4
 Gell's Gravitas          Tloc           8%         N/A       24%         3
 Inner Flame              Hex/Fire       8%         N/A       24%         3
 Kindle Blastsparks       Fire/Tloc/Air  16%        2d11      24%         3
 Lesser Beckoning         Tloc           8%         N/A       24%         3
 Portal Projectile        Hex/Tloc       16%        N/A       24%         3
 Summon Guardian Golem    Hex/Summ       8%         N/A       24%         3
 Teleport Other           Tloc           8%         N/A       24%         3
 Tukima's Dance           Hex            8%         N/A       24%         3
 Blade Hands              Tmut           18%        N/A       24%         5
 Freezing Cloud           Conj/Ice/Air   11%        6-21      58%         5
 Yara's Violent Unravell  Hex/Tmut       11%        3d6       58%         5
 Passage of Golubria      Tloc           8%         N/A       61%         4
 Conjure Ball Lightning   Conj/Air       15%        3x3d6     93%         6
 Starburst                Conj/Fire      15%        6d6       93%         6
 Dispersal                Tloc           4%         N/A       100%        6
 Discord                  Hex            4%         N/A       100%        8
 Disjunction              Tloc           4%         N/A       100%        8
 Polar Vortex             Ice            4%         N/A       100%        9
 Simulacrum               Ice/Necr       Unusable   N/A       N/A         6

Dungeon Overview and Level Annotations

Branches:
Dungeon (15/15)            Temple (0/1) D:6            Lair (5/5) D:9
 Shoals (0/4) Lair:2        Snake (0/4) Lair:3        Slime (0/5) Lair:5
    Orc (2/2) D:10            Elf (1/3) Orc:2        Vaults (0/5) D:13
 Depths (0/4) D:15         Bailey (visited)           IceCv (visited)
Volcano (visited)

Altars:
Dithmenos
Gozag
Makhleb
Nemelex Xobeh
Okawaru
Sif Muna
Trog
Vehumet
Yredelemnul
Jiyva

Shops:
D:14 :   Orc:1 :   Orc:2 (*=[

Portals:
Trove: D:12 (give 6 potions of haste)

Annotations:
D:4 3 runed translucent doors, edsrzf's ghost, amateur MeTm
D:12 1 runed translucent door, Dega's ghost, journeyman SpHu
D:14 exclusion: ice statue
D:15 exclusion: statue


Innate Abilities, Weirdness & Mutations

You are completely covered in slimy green scales. (AC +4, rPois)
Your demonic aura sometimes causes spilled blood to erupt in flames.
You are robust. (+10% HP)
You are completely covered in sharp spines.
You have a sharp stinger which inflicts weakening toxins.


Message History

Your deep elf zephyrmancer zombie is destroyed!
The bolt of lightning hits you!!
* * * LOW HITPOINT WARNING * * *
Your deep elf knight zombie hits the deep elf pyromancer.
The deep elf pyromancer points at your deep elf knight zombie and mumbles some strange words.
The sticky flame hits your deep elf knight zombie!
Your deep elf knight zombie is covered in liquid flames!
You can no longer trade souls for undead servants.
Things that are here:
a +0 scimitar; a +0 buckler You hit the deep elf pyromancer.
You kill the deep elf pyromancer!
Your deep elf knight zombie burns!
Your deep elf knight zombie is destroyed!
Found a stone staircase leading down.
You start resting.
A deep elf zephyrmancer is nearby!
Casting: Lee's Rapid Deconstruction (mildly dangerous; 1% risk of failure)
Confirm with . or Enter, or press ? or * to list all spells.
Aiming: Lee's Rapid Deconstruction (mildly dangerous; 1% risk of failure)
Press: ? - help, Dir - move target A crystal wall.
This square is lit by a halo.
The crystal wall shatters!
The blast of crystal shards hits the deep elf zephyrmancer!!
The deep elf zephyrmancer is almost dead.
You hear a shout! x4
The deep elf zephyrmancer drinks a potion.
The deep elf zephyrmancer is healed!
Casting: Lee's Rapid Deconstruction (mildly dangerous; 1% risk of failure)
Confirm with . or Enter, or press ? or * to list all spells.
Aiming: Sandblast (safe; 1% risk of failure)
Press: ? - help, Shift-Dir - straight line, f - deep elf zephyrmancer
Aim: a deep elf zephyrmancer, wielding a +0 rapier and wearing a +0 leather armour (severely wounded, haloed, 84% to hit)
The blast of sand hits the deep elf zephyrmancer!
The deep elf zephyrmancer is almost dead.
The deep elf zephyrmancer casts a spell at you.
The bolt of lightning hits you!
You die...
Your body rises from the dead as a mindless zombie.

#.#.#.#.#### ......
#..##......##.......
#..##)...........°..
#...............○...
#.................>.
#..)#.........#....#
#..#)...............
#.e##)#.............
#.)@#)##............
#.)...# ...........#
#.....# ##....#....
#......# ..###...
#.....## #. ###.
#.....# #...>.#
#......


You could see a deep elf zephyrmancer.

Vanquished Creatures
  Rupert (D:13)
  An ironbound preserver (D:13)
  A reaper (IceCv)
  A stone giant (D:15)
  A deep elf annihilator (Elf:1)
  An ettin (Orc:2)
  Josephine (D:10)
  Snorg (D:13)
  An ice dragon (D:14)
  2 hydras (Lair:3)
  Harold (D:10)
  Erica (Lair:2)
  An ogre mage (Orc:2)
  4 centaur warriors
  A boulder beetle (D:13)
  6 two-headed ogres
  A deep troll shaman (Lair:5)
  15 death yaks
  An orc high priest (Orc:1)
  4 tengu warriors
  Sonja (D:10)
  A deep elf knight (Elf:1)
  3 sun demons (Volcano)
  4 skeletal warriors
  2 deep trolls (Orc:2)
  Pikel (D:5)
  An ugly thing zombie (D:14)
  5 deep elf pyromancers
  An orc knight (D:15)
  7 deep elf zephyrmancers (Elf:1)
  2 orc sorcerers
  3 cyclopes
  11 ugly things
  6 elephants (Lair:5)
  5 manticores
  2 black mambas (Lair:4)
  An ice statue (IceCv)
  A torpor snail (Lair:4)
  A centaur zombie (D:14)
  8 cane toads
  Maggie (D:6)
  2 gargoyles
  5 rime drakes
  2 unseen horrors
  4 komodo dragons
  A yaktaur (D:15)
  3 freezing wraiths
  An anaconda simulacrum (IceCv)
  A tengu conjurer (D:13)
  7 trolls
  3 polar bears
  8 blink frogs
  11 slime creatures (D:13)
  Grinder (D:3)
  A dire elephant simulacrum (IceCv)
  3 wyverns
  2 air elementals
  4 wraiths (D:10)
  35 yaks
  7 basilisks
  A slime creature zombie (D:13)
  A vampire (D:13)
  8 steam dragons
  3 wargs (Orc:2)
  5 death yak simulacra
  4 vampire mosquitoes
  A harpy simulacrum (IceCv)
  A naga (Lair:3)
  13 water moccasins
  4 hell hounds
  25 orc warriors
  9 ice beasts
  4 black bears
  21 ogres
  6 sky beasts
  3 blink frog zombies
  5 wolves (Lair:5)
  12 centaurs
  A lemure (D:5)
  A komodo dragon zombie (Lair:1)
  4 kobold brigands
  14 bullfrogs
  3 scorpions
  7 two-headed ogre simulacra
  2 cane toad simulacra (IceCv)
  A warg zombie (Orc:2)
  4 wights (D:7)
  17 killer bees
  2 elephant simulacra
  A howler monkey (D:7)
  A wolf zombie (Lair:5)
  A bullfrog zombie (D:8)
  2 basilisk zombies
  A jelly (D:4)
  2 gnoll boudas (D:9)
  6 orc priests
  Terence (D:2)
  2 iguanas
  Natasha (thrice) (D:2)
  9 orc wizards
  4 hell rats (Lair:1)
  3 spriggan simulacra
  8 troll simulacra
  2 polar bear simulacra (IceCv)
  3 kobold zombies
  2 ogre zombies (Orc:2)
  A hell rat zombie (Lair:1)
  3 gnolls (D:9)
  7 adders
  4 naga simulacra (IceCv)
  5 white imps
  11 ufetubi
  4 worms
  54 orcs
  8 ball pythons
  10 endoplasms
  2 giant cockroaches
  15 goblins
  8 hobgoblins
  2 jackals (D:4)
  27 kobolds
  5 quokkas
  5 bats
  5 frilled lizards
  5 orc zombies
  4 rats
632 creatures vanquished.

Vanquished Creatures (collateral kills)
  A fire dragon (Volcano)
  An ogre mage (Orc:2)
  A boulder beetle (Lair:5)
  5 death yaks
  7 two-headed ogres
  A deep elf knight (Elf:1)
  3 skeletal warriors
  Lodul (D:13)
  A deep elf archer (Elf:1)
  A lindwurm (Lair:5)
  3 deep elf pyromancers
  3 ugly things
  4 cyclopes
  A manticore (D:15)
  Joseph (D:9)
  A cane toad (Lair:3)
  A smoke demon (Volcano)
  3 komodo dragons
  A troll (shapeshifter) (D:13)
  4 polar bears
  6 trolls
  2 slime creatures (D:13)
  5 blink frogs
  A centaur simulacrum (D:15)
  A dire elephant simulacrum (IceCv)
  8 yaks
  A vampire mosquito (D:13)
  A death yak simulacrum (IceCv)
  A naga (Lair:3)
  2 water moccasins
  3 orc warriors
  An ice beast (D:14)
  11 ogres
  3 centaurs
  4 wolves (Lair:5)
  A bullfrog (Lair:2)
  A two-headed ogre simulacrum (Orc:2)
  3 killer bees (D:10)
  A hound (D:7)
  An orc priest (Orc:2)
  An orc wizard (Orc:1)
  3 hell rats (Lair:1)
  A spriggan simulacrum (IceCv)
  A polar bear simulacrum (IceCv)
  A wolf simulacrum (IceCv)
  3 gnolls
  A white imp (D:5)
  A dart slug (D:5)
  11 orcs
  2 kobolds
  A bush (D:8)
127 creatures vanquished.

Vanquished Creatures (others)
  A spectral catoblepas (D:12)
  A spectral death yak (Lair:1)
  An ugly thing zombie (D:14)
  A manticore (D:15)
  A stone giant zombie (D:15)
  3 death yak zombies (Lair:5)
  An ettin zombie (Orc:2)
  An ice dragon zombie (D:14)
  A boulder beetle zombie (Lair:5)
  5 slime creature zombies (D:13)
  A tengu zombie (D:13)
  A deep troll zombie (Orc:2)
  4 two-headed ogre zombies
  4 cane toad zombies
  5 elf zombies
  3 manticore zombies
  2 human zombies
  2 blink frog zombies
  3 vampire mosquito zombies
  3 rime drake zombies
  A komodo dragon zombie (Lair:2)
  A cyclops zombie (D:14)
  2 hell hound zombies (Volcano)
  4 water moccasin zombies
  A warg zombie (Orc:2)
  7 troll zombies
  14 yak zombies
  A polar bear zombie (D:14)
  5 wolf zombies (Lair:5)
  8 centaur zombies
  A black bear zombie (D:9)
  6 bullfrog zombies
  2 basilisk zombies
  An orc wizard (D:8)
  8 killer bee zombies
  3 ice beast zombies (D:14)
  3 sky beast zombies
  19 ogre zombies
  2 hell rat zombies (Lair:1)
  3 steam dragon zombies
  2 adder zombies (Lair:4)
  2 gnoll zombies
  An iguana zombie (D:7)
  50 orc zombies
  A spectral white imp (D:6)
  4 goblin zombies (D:10)
  9 kobold zombies
  A quokka zombie (D:4)
  8 spectral ufetubi
  40 fungi
  56 plants
310 creatures vanquished.

Grand Total: 1069 creatures vanquished

Notes
Turn   | Place    | Note
-------+----------+-------------------------------------------
     0 | D:1      | PublicAnimeNo1 the Demonspawn Earth Elementalist began the
                  | quest for the Orb.
     0 | D:1      | Reached XP level 1. HP: 13/13 MP: 3/3
    22 | D:1      | Noticed a golden eye
    23 | D:1      | Found a faded altar of an unknown god.
    27 | D:1      | Noticed a golden eye
    27 | D:1      | Noticed a shining eye
    27 | D:1      | Noticed an eye of devastation
   244 | D:1      | Got Sif Muna's Handbook of Inconstant Beguiling
   314 | D:1      | Reached skill level 3 in Earth Magic
   447 | D:1      | Gained mutation: You have a small tail. [demonic ancestry]
   447 | D:1      | Reached XP level 2. HP: 20/20 MP: 3/5
   820 | D:1      | Reached skill level 1 in Fighting
  1371 | D:2      | Gained mutation: Your demonic aura sometimes causes spilled
                  | blood to erupt in flames. [demonic ancestry]
  1371 | D:2      | Reached XP level 3. HP: 26/26 MP: 4/6
  1402 | D:2      | Learned a level 3 spell: Stone Arrow
  1490 | D:2      | Noticed Terence
  1510 | D:2      | Killed Terence
  1717 | D:2      | Noticed Natasha
  1721 | D:2      | Killed Natasha
  1722 | D:2      | Reached skill level 1 in Conjurations
  1722 | D:2      | Reached skill level 4 in Earth Magic
  1722 | D:2      | Gained mutation: You are partially covered in sharp spines.
                  | [demonic ancestry]
  1722 | D:2      | Reached XP level 4. HP: 33/33 MP: 7/7
  1783 | D:2      | Noticed Natasha
  1791 | D:2      | Killed Natasha
  2007 | D:2      | Noticed Natasha
  2015 | D:2      | Killed Natasha
  2016 | D:2      | Gained mutation: You are partially covered in slimy green
                  | scales. (AC +2) [demonic ancestry]
  2016 | D:2      | Reached XP level 5. HP: 37/38 MP: 8/8
  2127 | D:3      | Identified the +6 dagger of the Dragonfly {vorpal, Drain
                  | rC+ Str+4 Int+3}
  2442 | D:3      | Noticed Grinder
  2444 | D:3      | Paralysed by Grinder for 2 turns
  2455 | D:3      | Paralysed by Grinder for 3 turns
  2460 | D:3      | Killed Grinder
  2461 | D:3      | Reached skill level 5 in Earth Magic
  2461 | D:3      | Reached XP level 6. HP: 12/47 MP: 3/9
  2709 | D:3      | Found a basalt altar of Yredelemnul.
  2861 | D:3      | Became a worshipper of Yredelemnul the Dark
  3038 | D:4      | Found a runed translucent gate.
  3038 | D:4      | Found a runed translucent gate.
  3038 | D:4      | Found a runed translucent gate.
  3039 | D:4      | Noticed edsrzf's ghost (amateur MeTm)
  3193 | D:4      | Reached * piety under Yredelemnul
  3562 | D:5      | Entered Level 5 of the Dungeon
  3641 | D:5      | Noticed Pikel
  3673 | D:5      | Killed Pikel
  3674 | D:5      | Reached skill level 6 in Earth Magic
  3674 | D:5      | Reached XP level 7. HP: 14/54 MP: 5/10
  3912 | D:5      | Identified the +0 ring mail of Huompatt {rF+ Int-2 Dex+6}
  4479 | D:5      | Identified the +3 helmet of Morality {rC++ Dex+2}
  4498 | D:5      | Reached XP level 8. HP: 58/60 MP: 11/11
  5315 | D:6      | Identified the +1 ring mail of a volcano {rElec rC+ Will-
                  | Int+3}
  5645 | D:6      | Reached skill level 7 in Earth Magic
  5703 | D:6      | Noticed Maggie
  5709 | D:6      | Found a staircase to the Ecumenical Temple.
  5799 | D:6      | Noticed a manticore
  5800 | D:6      | Noticed a hornet
  6071 | D:6      | Reached skill level 1 in Invocations
  6211 | D:6      | Killed Maggie
  6392 | D:7      | Found a bloodstained altar of Trog.
  6476 | D:7      | Found an opulent altar of Gozag.
  6521 | D:7      | Gained mutation: You are mostly covered in sharp spines.
                  | [demonic ancestry]
  6521 | D:7      | Reached XP level 9. HP: 66/66 MP: 13/13
  6549 | D:7      | Reached skill level 1 in Polearms
  6556 | D:7      | Reached skill level 5 in Fighting
  7077 | D:7      | Identified a scroll of acquirement
  7077 | D:7      | Acquired the ring of Efuij {rCorr Int+6}
  7193 | D:7      | Reached ** piety under Yredelemnul
  7389 | D:7      | Reached *** piety under Yredelemnul
  7543 | D:8      | Reached skill level 5 in Invocations
  7553 | D:8      | Reached skill level 8 in Earth Magic
  7586 | D:8      | Reached XP level 10. HP: 16/76 MP: 16/16
  8096 | D:8      | Found a burning altar of Makhleb.
  8754 | D:8      | Found a shimmering blue altar of Sif Muna.
  9219 | D:9      | Reached skill level 5 in Dodging
  9935 | D:9      | Learned a level 4 spell: Petrify
 10002 | D:9      | Reached skill level 1 in Transmutations
 10099 | D:9      | Found a staircase to the Lair.
 10354 | D:9      | Noticed Joseph
 10364 | D:9      | Reached skill level 5 in Spellcasting
 10372 | D:9      | Killed Joseph
 10588 | D:10     | Entered Level 10 of the Dungeon
 10594 | D:10     | Found an iron altar of Okawaru.
 10667 | D:10     | Gained mutation: You are mostly covered in slimy green
                  | scales. (AC +3) [demonic ancestry]
 10667 | D:10     | Reached XP level 11. HP: 76/83 MP: 18/18
 10863 | D:10     | Found a flagged portal.
 10903 | Bailey   | Entered a bailey
 11551 | Bailey   | Reached skill level 9 in Earth Magic
 11832 | D:10     | Acquired 1188 gold pieces
 11929 | D:10     | Noticed Sonja
 11942 | D:10     | Killed Sonja
 11943 | D:10     | Reached skill level 5 in Polearms
 11990 | D:10     | Found a staircase to the Orcish Mines.
 12044 | D:10     | Your ally Sonja died
 12203 | D:10     | Noticed Josephine
 12207 | D:10     | Noticed Harold
 12236 | D:10     | Killed Josephine
 12557 | D:10     | Reached skill level 1 in Armour
 12844 | D:10     | Found a sparkling altar of Nemelex Xobeh.
 12988 | D:10     | Killed Harold
 13311 | Lair:1   | Entered Level 1 of the Lair of Beasts
 13537 | Lair:1   | Gained mutation: You are completely covered in slimy green
                  | scales. (AC +4, rPois) [demonic ancestry]
 13537 | Lair:1   | Reached XP level 12. HP: 71/92 MP: 20/20
 13540 | Lair:1   | Reached **** piety under Yredelemnul
 13542 | Lair:1   | Reached ***** piety under Yredelemnul
 13720 | Lair:1   | Reached ****** piety under Yredelemnul
 13788 | Lair:1   | Noticed a death yak
 13789 | Lair:1   | Noticed a death yak
 13792 | Lair:1   | Noticed a death yak
 13794 | Lair:1   | Noticed a death yak
 13794 | Lair:1   | Noticed a death yak
 13796 | Lair:1   | Noticed a death yak
 13800 | Lair:1   | Killed a death yak
 13804 | Lair:1   | Killed a death yak
 13818 | Lair:1   | Killed a death yak
 13818 | Lair:1   | Enslaved a death yak
 13829 | Lair:1   | Killed a death yak
 13834 | Lair:1   | Killed a death yak
 13841 | Lair:1   | Killed a death yak
 14773 | Lair:2   | Noticed a death yak
 14778 | Lair:2   | Reached skill level 5 in Transmutations
 14779 | Lair:2   | Noticed a death yak
 14780 | Lair:2   | Noticed Erica
 14780 | Lair:2   | Noticed a death yak
 14783 | Lair:2   | Noticed a death yak
 14784 | Lair:2   | Noticed a death yak
 14786 | Lair:2   | Noticed a death yak
 14787 | Lair:2   | Killed a death yak
 14792 | Lair:2   | Killed a death yak
 14847 | Lair:2   | Killed a death yak
 14848 | Lair:2   | Reached skill level 10 in Invocations
 14871 | Lair:2   | Killed a death yak
 14872 | Lair:2   | Reached skill level 10 in Earth Magic
 15224 | Lair:2   | Found a staircase to the Shoals.
 15271 | Lair:2   | Killed Erica
 15305 | Lair:2   | Your ally Erica died
 15310 | Lair:2   | Killed a death yak
 15315 | Lair:2   | Killed a death yak
 15806 | Lair:3   | Noticed a five-headed hydra
 15812 | Lair:3   | Killed a five-headed hydra
 15813 | Lair:3   | Gained mutation: You are robust. (+10% HP) [demonic
                  | ancestry]
 15813 | Lair:3   | Reached XP level 13. HP: 80/110 MP: 10/21
 16391 | Lair:3   | Found a staircase to the Snake Pit.
 17414 | Lair:4   | Found the +8 whip "Snakebite" {venom, curare, rPois}
 18268 | Lair:5   | Entered Level 5 of the Lair of Beasts
 18268 | Lair:5   | Found a viscous altar of Jiyva.
 18268 | Lair:5   | Found a staircase to the Slime Pits.
 19007 | Lair:5   | Reached skill level 10 in Fighting
 19076 | Lair:5   | Reached skill level 11 in Earth Magic
 19113 | Lair:5   | Gained mutation: You have a tail ending in a sharp stinger.
                  | [demonic ancestry]
 19113 | Lair:5   | Reached XP level 14. HP: 37/121 MP: 6/23
 20141 | D:11     | Identified the ring "Zomapp" {rF+ rC+ Slay+3}
 20356 | D:11     | Reached skill level 10 in Polearms
 21637 | D:12     | Found a runed translucent door.
 21640 | D:12     | Noticed Dega's ghost (journeyman SpHu)
 21750 | D:12     | Found a portal to a secret trove of treasure.
 22273 | D:13     | You fall into a shaft and drop 2 floors!
 22273 | D:15     | Entered Level 15 of the Dungeon
 22273 | D:15     | Found a shadowy altar of Dithmenos.
 22304 | D:14     | Found Xenifing's Book Boutique.
 23170 | D:14     | Got the Lessons on Congealing Minerals
 23287 | D:14     | Reached skill level 12 in Earth Magic
 23447 | D:14     | Identified the +3 war axe of Ruination {speed, Fly rN+}
 23868 | D:14     | Reached skill level 5 in Conjurations
 24322 | Orc:1    | Entered Level 1 of the Orcish Mines
 24919 | Orc:2    | Entered Level 2 of the Orcish Mines
 24961 | Orc:2    | Found a dark tunnel.
 24968 | Volcano  | Entered a volcano
 25074 | Volcano  | Found the +2 cloak of the Thief {*Fog Slay-2 SInv Stlth+}
 25499 | Orc:2    | Found Haniek's Jewellery Shoppe.
 25527 | Orc:2    | Gained mutation: You have a sharp stinger which inflicts
                  | weakening toxins. [demonic ancestry]
 25527 | Orc:2    | Reached XP level 15. HP: 98/130 MP: 24/24
 25564 | Orc:2    | Reached skill level 13 in Earth Magic
 25568 | Orc:2    | Found Rocer's Antique Weapon Shop.
 25573 | Orc:2    | Found Gurelin's Antique Armour Emporium.
 25574 | Orc:2    | Found Wiwkarel's General Store.
 25582 | Orc:2    | Found a staircase to the Elven Halls.
 25586 | Orc:2    | Found a frozen archway.
 25637 | IceCv    | Entered an ice cave
 26200 | IceCv    | Identified the +5 chain mail "Hoadafor" {rElec rN+ Str+3}
 27231 | IceCv    | Identified the +5 dagger of Ambiguity {speed, rElec rPois
                  | Dex+5}
 27976 | Orc:1    | Found Luisaah's Book Emporium.
 27985 | Orc:1    | Bought a book of Blasting for 600 gold pieces
 28039 | Orc:2    | Bought a crude glaive for 379 gold pieces
 28039 | Orc:2    | Identified the +1 glaive of the Spectre {flame, rElec rCorr
                  | Str-4} (You bought it in a shop on level 2 of the Orcish
                  | Mines)
 28039 | Orc:2    | Bought a glowing trident for 214 gold pieces
 28051 | Orc:2    | Learned a level 5 spell: Lee's Rapid Deconstruction
 28308 | D:13     | Noticed Snorg
 28316 | D:13     | Killed Snorg
 28621 | D:13     | Noticed Lodul
 28635 | D:13     | Killed Lodul
 28897 | D:13     | Your ally Lodul died
 29260 | D:13     | Paralysed by an air elemental for 1 turns
 29545 | D:13     | Noticed Rupert
 29561 | D:13     | Killed Rupert
 29594 | D:13     | Your ally Rupert died
 30122 | D:13     | Found a gate to the Vaults.
 30762 | D:15     | Reached skill level 14 in Earth Magic
 31126 | D:15     | Found a staircase to the Depths.
 31251 | D:15     | Identified the +4 dagger "Fintuvet" {spect, *Slow rC+
                  | Int+4}
 31461 | D:15     | Found a radiant altar of Vehumet.
 31723 | Elf:1    | Entered Level 1 of the Elven Halls
 31743 | Elf:1    | Gained mutation: You are completely covered in sharp
                  | spines. [demonic ancestry]
 31743 | Elf:1    | Reached XP level 16. HP: 26/141 MP: 19/25
 32191 | Elf:1    | HP: 1/141 [deep elf archer/arrow (19)]
 32641 | Elf:1    | Paralysed by an air elemental for 1 turns
 32715 | Elf:1    | HP: 5/141 [deep elf zephyrmancer/bolt of lightning (33)]
 32723 | Elf:1    | Killed from afar by a deep elf zephyrmancer

Illustrated notes

Levels and vault maps discovered:
D:1:      lemuel_arrival_lava_pool, layout_basic,
          hellmonk_ecumenical_altar_watching_god
D:2:      layout_rooms, uniq_terence, uniq_natasha
D:3:      layout_loops_cross, yredelemnul_altar_generic, nicolae_titane,
          uniq_grinder
D:4:      layout_basic, gammafunk_ghost_nasty_kobolds
D:5:      layout_layer_cave, nicolae_concentric_dashed_squares_mild, uniq_pikel
D:6:      layout_cave_pools, minmay_temple_entry_slanted, minmay_door_square,
          lightli_corner_chamber, uniq_maggie
D:7:      layout_loops_ring, mainiacjoe_overflow_tiny_flanked,
          nicolae_gozag_seed_capital, minmay_starry_boxes
D:8:      layout_loops_corners, nicolae_elyvilon_peaceful_grove,
          mainiacjoe_overflow_paths, led_sif_book
D:9:      layout_irregular_city, grunt_lair_entry_orc_guard_hut,
          corexii_corridor_pit, grunt_ogre_cave, kennysheep_generic_room_14,
          uniq_joseph
D:10:     layout_stronghold, nemelex_diamond_rough_becter,
          kennysheep_okawaru_gauntlet, david_orc_2, enter_bailey_5, uniq_sonja,
          uniq_josephine, uniq_harold
D:11:     layout_basic, minmay_misc_feat_encased
D:12:     nicolae_cairo_tiling_very_big, layout_layer_cave, enter_trove_0,
          gammafunk_ghost_grave
D:13:     layout_gridville, skrybe_vaults_entry_preservation, serial_glass,
          glass_columns_a, glass_columns_a, item_on_display_a,
          dreamdust_looks_like_rain, uniq_snorg, uniq_lodul, uniq_rupert
D:14:     layout_irregular_city, grunt_decor_clamped, serial_shops, shop_coins,
          ice2_lemuel
D:15:     grunt_enter_depths_giant_problem, layout_cave_pools,
          grunt_dithmenos_smoke_and_mirrors, vehumet_statue
Lair:1:   layout_chaotic_city, grunt_megastairs_3, infiniplex_staircase_pool,
          lemuel_fruit_tree
Lair:2:   layout_misc_corridors, shoals_dummy_entry, serial_rivers,
          chequers_serial_rivers_micro_a, chequers_serial_rivers_small_3,
          chequers_serial_rivers_small_b, chequers_serial_rivers_small_3,
          chequers_serial_rivers_micro_c, chequers_serial_rivers_small_b,
          uniq_erica
Lair:3:   layout_regular_city, guppyfry_snake_entry_garden,
          chequers_serial_rivers_marsh, grunt_megastairs_5
Lair:4:   minmay_guarded_unrand_snakebite, layout_cave_pods, minmay_holes
Lair:5:   grunt_lair_end_beastmaster, layout_loops_ring, slime_entry_1,
          minivault_23, grunt_megastairs_1, infiniplex_staircase_pool_2
Orc:1:    layout_caves, serial_shops, nicolae_lakefront_shop
Orc:2:    st_orc_open, layout_caves, enter_volcano_3,
          portal_ice_cave_entry_ice_simulacra
Elf:1:    minmay_the_grid_triangle_9x9_line_8_mashed
          [minmay_the_grid_triangle_9x9_zippers_horizontal,
          minmay_the_grid_triangle_9x9_alien,
          minmay_the_grid_triangle_9x9_corruption,
          minmay_the_grid_triangle_9x9_corrupted_corridor,
          minmay_the_grid_triangle_9x9_checkered,
          minmay_the_grid_triangle_9x9_thin_v,
          minmay_the_grid_triangle_9x9_warning,
          minmay_the_grid_triangle_9x9_prize_special], layout_rooms,
          serial_shops, shop, evilmike_minifort, serial_sigils_hangedman_clutch

Skill      XL: |  1  2  3  4  5  6  7  8  9 10 11 12 13 14 15 16 |
---------------+-------------------------------------------------+-----
Earth Magic    | 3 4 5 6 7 8 9 10 11 12 14 | 14.2
Fighting       | 1 2 3 4 5 6 7 8 10 11 12 | 12.7
Conjurations   | 1 2 3 4 5 7 8 |  8.0
Stealth        | 3 4 |  4.4
Dodging        | 3 4 5 6 7 8 |  8.2
Invocations    | 2 5 7 8 10 12 13 | 13.0
Spellcasting   | 4 5 |  5.7
Polearms       | 2 4 5 7 9 10 11 | 11.8
Transmutations | 2 4 5 |  5.3
Armour         | 2 3 |  3.9

Action                   |  1- 3 |  4- 6 |  7- 9 | 10-12 | 13-15 | 16-18 || total
-------------------------+-------+-------+-------+-------+-------+-------++-------
Melee: Dagger            |    17 |       |       |       |     8 |       ||    25
       Spear             |    27 |   106 |   182 |   581 |   841 |       ||  1737
       Tailslap          |     1 |    10 |    20 |    86 |   237 |     7 ||   361
       Punch             |       |     1 |     1 |       |       |       ||     2
       Trident           |       |       |       |       |   188 |    16 ||   204
 Cast: Sandblast         |    20 |    15 |    12 |    45 |    13 |     1 ||   106
       Stone Arrow       |       |     1 |     7 |    14 |   178 |     4 ||   204
       Petrify           |       |       |       |     6 |     7 |       ||    13
       Lee's Rapid Decon |       |       |       |       |     6 |     6 ||    12
Invok: Recall Undead Har |       |       |     1 |     9 |    22 |     1 ||    33
       Dark Bargain      |       |       |       |     7 |     3 |     1 ||    11
       Bind Soul         |       |       |       |     1 |     1 |       ||     2
       Drain Life        |       |       |       |       |     2 |       ||     2
Evoke: Wand              |       |     7 |       |     3 |    21 |       ||    31
  Use: Scroll            |     1 |     8 |     5 |    17 |     3 |       ||    34
       Potion            |     1 |     1 |     1 |     6 |     5 |     1 ||    15
 Stab: Sleeping          |     3 |     3 |     3 |     5 |     1 |       ||    15
       Distracted        |       |       |     1 |    12 |    14 |       ||    27
       Petrified         |       |       |       |    11 |    38 |       ||    49
       Petrifying        |       |       |       |       |     4 |       ||     4
Armor: Robe              |     5 |       |       |       |       |       ||     5
       Leather armour    |     5 |    22 |    29 |       |   118 |     4 ||   178
       Swamp dragon scal |       |       |    43 |   197 |   278 |       ||   518
Dodge: Dodged            |    18 |    32 |    81 |   255 |   503 |     6 ||   895
Block: Other             |       |       |     9 |    11 |       |       ||    20

Table legend: (Time is in decaauts)
 A = Elapsed time spent in this place.
 B = Non-inter-level travel time spent in this place.
 C = Inter-level travel time spent in this place.
 D = Time resting spent in this place.
 E = Time spent auto-exploring this place.
 F = Levels seen in this place.
 G = Mean time per level.
                   A        B        C        D        E       F      G
               +--------+--------+--------+--------+--------+-----+--------+
         Total |  32359 |  31067 |   1292 |   7839 |  18315 |  26 | 1244.6 |
       Dungeon |  20419 |  19617 |    802 |   4801 |  12106 |  15 | 1361.3 |
          Lair |   6567 |   6210 |    357 |    746 |   4428 |   5 | 1313.4 |
  Orcish Mines |   1201 |   1069 |    132 |      0 |    820 |   2 |  600.5 |
   Elven Halls |    992 |    992 |      0 |    755 |    125 |   1 |  992.0 |
        Bailey |    937 |    937 |      0 |    271 |    261 |   1 |  937.0 |
      Ice Cave |   1741 |   1741 |      0 |   1032 |    501 |   1 | 1741.0 |
       Volcano |    501 |    501 |      0 |    232 |     72 |   1 |  501.0 |
               +--------+--------+--------+--------+--------+-----+--------+

Top non-repeatable levels by time:
    D:14: 2144 daAuts
    D:10: 2066 daAuts
    D:13: 1815 daAuts
   IceCv: 1741 daAuts
    D:12: 1733 daAuts
     D:5: 1711 daAuts
     D:9: 1620 daAuts
  Lair:5: 1528 daAuts
     D:8: 1480 daAuts
  Lair:4: 1399 daAuts
  Lair:2: 1288 daAuts
  Lair:1: 1237 daAuts
     D:1: 1154 daAuts
     D:7: 1152 daAuts
  Lair:3: 1113 daAuts
